 Dungeon Crawl Stone Soup version 0.30.0-18-gc0e69614cb (webtiles) character file.

Game seed: 4279155620780601694

158 Irreverend the Ruffian (level 5, -13/42 HPs)
             Began as a Draconian Transmuter on May 25, 2023.
             Blown up by Ijyb (20 damage)
             ... with a mindburst bolt
             ... on level 4 of the Dungeon.
             The game lasted 00:05:52 (2340 turns).

Irreverend the Ruffian (Draconian Transmuter)       Turns: 2340, Time: 00:05:53

Health: -13/42     AC:  5    Str: 13    XL:     5   Next: 16%
Magic:  8/8        EV: 17    Int: 15    God:
Gold:   191        SH:  0    Dex: 11    Spells: 1/8 levels left

rFire   + .          .
                       - Unarmed
rCold   . . .        (no shield)
rNeg    . . .        (body armour unavailable)
rPois   .            (helmet restricted)
rElec   .            (no cloak)
rCorr   .            (no gloves)
SInv    .            (no boots)
Will    .....        o - amulet of regeneration
Stlth   +            c - ring of protection from fire
HPRegen 1.07/turn    j - +5 ring of evasion
MPRegen 0.11/turn

%: no passive effects
@: no status effects
A: AC +5, unfitting armour, cold-blooded
a: no special abilities


You were on level 4 of the Dungeon.
You visited 1 branch of the dungeon, and saw 4 of its levels.

You collected 191 gold pieces.

Inventory:

Jewellery
 c - a ring of protection from fire (left hand)
 f - a ring of wizardry
 g - a +4 ring of protection
 j - a +5 ring of evasion (right hand)
 m - a ring of resist corrosion
 o - an amulet of regeneration (around neck)
 r - an amulet of magic regeneration
Wands
 q - a wand of mindburst (5)
Scrolls
 b - 4 scrolls of enchant armour {unknown}
 d - a scroll of summoning {unknown}
 h - a scroll of blinking {unknown}
 i - 5 scrolls of identify {unknown}
 n - a scroll of vulnerability {unknown}
 p - a scroll of magic mapping {unknown}
Potions
 a - a potion of lignification
 e - a potion of might {unknown}
 k - a potion of curing {unknown}
 l - a potion of magic {unknown}


   Skills:
 + Level 2.5 Fighting
 + Level 2.6 Dodging
 * Level 4.4 Unarmed Combat
 - Level 2.0 Spellcasting
 + Level 3.0 Transmutations


You had one spell level left.
You knew the following spells:

 Your Spells              Type           Power      Damage    Failure   Level
a - Beastly Appendage     Tmut           20%        N/A       6%          1
b - Wereblood             Tmut           10%        N/A       10%         2
c - Ice Form              Ice/Tmut       6%         N/A       75%         4

Your spell library contained the following spells:

 Spells                   Type           Power      Damage    Failure   Level
 Spider Form              Tmut/Pois      6%         N/A       34%         3


Dungeon Overview and Level Annotations

Branches:
Dungeon (4/15)
 Temple: D:4-7

Altars:
Uskayaw

Shops:
D:2 (

Annotations:
D:4 Ijyb, Natasha


Innate Abilities, Weirdness & Mutations

Your plain brown scales are hard. (AC +5)
You cannot fit into any form of body armour.
You are cold-blooded and may be slowed by cold attacks.


Message History

The gnoll closely misses you.
Your Transmutations skill increases to level 3!
You barely miss Ijyb. The gnoll closely misses you.
Ijyb zaps a wand.
You barely resist. You closely miss Ijyb. You tail-slap Ijyb, but do no damage.
Your punch misses Ijyb.
You howl as the wereblood boils in your veins!
Natasha mumbles some strange words.
Natasha glows brightly for a moment.
The gnoll misses you. Ijyb hits you with a +0 club.
You hit Ijyb but do no damage.
Your primal bloodlust is almost over.
The gnoll barely misses you. Ijyb barely misses you.
You barely miss Ijyb.
Your tail-slap misses Ijyb.
The gnoll completely misses you.
Ijyb zaps a wand.
Your mind is blasted!
You hit Ijyb.
Ijyb is lightly wounded.
The gnoll closely misses you. Ijyb hits you with a +0 club.
You closely miss Ijyb.
Ijyb is lightly wounded.
You barely miss Ijyb.
Ijyb is lightly wounded.
Ijyb zaps a wand.
Your mind is blasted!
The gnoll completely misses you.
You closely miss Ijyb. You tail-slap Ijyb, but do no damage.
Ijyb is lightly wounded.
Ijyb zaps a wand.
Your mind is blasted!
* * * LOW HITPOINT WARNING * * *
The gnoll misses you.
Natasha mewls in sadness.
You hit Ijyb but do no damage.
Your tail-slap misses Ijyb.
Ijyb is lightly wounded.
Your primal bloodlust has ended.
The gnoll completely misses you. Ijyb misses you.
You hit Ijyb but do no damage.
Ijyb is lightly wounded.
The gnoll closely misses you. Ijyb closely misses you.
You closely miss Ijyb.
Ijyb is lightly wounded.
The gnoll hits you but does no damage.
Ijyb zaps a wand.
Your mind is blasted!
You die...

# .. #.#
#.#..g#####
.....gg@.(#
.####h###.#
# #<# ###


You could see Ijyb, Natasha and 2 gnolls.

Vanquished Creatures
  A scorpion (D:3)
  A gnoll (D:4)
  2 adders
  A worm (D:3)
  4 dart slugs
  2 orcs (D:3)
  6 ball pythons
  4 endoplasms
  3 giant cockroaches
  5 goblins
  4 hobgoblins
  7 jackals
  6 kobolds
  A quokka (D:3)
  7 bats
  2 frilled lizards
  5 rats
61 creatures vanquished.

Notes
Turn   | Place    | Note
-------+----------+-------------------------------------------
     0 | D:1      | Irreverend the Draconian Transmuter began the quest for the
                  | Orb.
     0 | D:1      | Reached XP level 1. HP: 16/16 MP: 3/3
    80 | D:1      | Reached XP level 2. HP: 13/23 MP: 3/5
   506 | D:1      | Reached XP level 3. HP: 29/29 MP: 4/6
   657 | D:1      | Learned a level 2 spell: Wereblood
  1193 | D:2      | Found Huidan's Antique Weapon Boutique.
  1205 | D:2      | You fall into a shaft and drop 1 floor!
  1231 | D:3      | Noticed a scorpion
  1240 | D:3      | Killed a scorpion
  1241 | D:3      | Reached skill level 4 in Unarmed Combat
  1241 | D:3      | Reached XP level 4. HP: 26/37 MP: 4/7
  1429 | D:3      | Found a hide-covered altar of Uskayaw.
  1431 | D:3      | Noticed a +0 hand axe
  1431 | D:3      | Noticed a +0 hand axe
  1718 | D:3      | Reached XP level 5. HP: 40/42 MP: 4/8
  2306 | D:3      | Learned a level 4 spell: Ice Form
  2321 | D:4      | Noticed Ijyb
  2328 | D:4      | Noticed Natasha
  2340 | D:4      | Blown up by Ijyb

Illustrated notes

Levels and vault maps discovered:
D:1:      dpeg_arrival_windows_large_door, layout_loops_ring
D:2:      layout_loops_corners, serial_shops, nicolae_shop_back_alley_shop
D:3:      minmay_bubble_buster, layout_loops_ring, dancing_weapons_uskayaw
D:4:      layout_basic, nicolae_wooded_promenade, uniq_natasha, uniq_ijyb,
          uniq_menkaure

Skill      XL: |  1  2  3  4  5 |
---------------+----------------+-----
Dodging        | 2 |  2.6
Fighting       | 2 |  2.5
Unarmed Combat | 4 |  4.4
Transmutations | 3 |  3.0
Spellcasting   | |  2.0

Action                     |  1- 3 |  4- 6 || total
---------------------------+-------+-------++-------
  Melee: Unarmed           |    93 |    80 ||   173
         Kick              |    14 |    12 ||    26
         Headbutt          |    10 |     9 ||    19
         Tailslap          |    13 |     4 ||    17
         Punch             |       |     3 ||     3
   Cast: Beastly Appendage |    21 |    11 ||    32
         Wereblood         |     5 |     9 ||    14
 Armour: Skin              |    35 |    13 ||    48
  Dodge: Dodged            |    53 |    54 ||   107
